Golden Knights vs Canucks
(R1)
Created - April 3, 2020 at 20:07
Goals
|
| Golden Knights |
0 |
2 |
2 |
4 |
| Canucks |
0 |
2 |
0 |
2 |
|
Shots
|
| Golden Knights |
9 |
6 |
13 |
28 |
| Canucks |
16 |
8 |
8 |
32 |
|
1st period
No Goal
Penalties :
Jordie Benn (Van) for Roughing (Minor) at 3:08, Ilya Kovalchuk (Vgs) for High sticking (Minor) at 9:30, Jason Zucker (Van) for Roughing (Minor) at 12:38, Matt Stajan (Vgs) for Holding (Minor) at 16:54, Ilya Kovalchuk (Vgs) for Tripping (Minor) at 19:49
2nd period
1. Canucks , Nick Palmieri 35 (Ben Lovejoy 22, Kurtis Foster 12) at 5:53
2. Golden Knights , Michael Frolik 32 (Matt Stajan 20) at 7:22 (PP)
3. Canucks , Robert Nilsson 29 (Drew Fata 24) at 17:25
4. Golden Knights , Michael Frolik 33 (Ilya Kovalchuk 27, Matt Stajan 21) at 17:44
Penalties :
Jonathan Blum (Van) for High sticking (Minor) at 7:21, Zach Bogosian (Vgs) for Hooking (Minor) at 9:08, Ole-Kristian Tollefsen (Vgs) for Head-butting (Major / Game Misconduct) at 10:12, Mathew Dumba (Vgs) for Interference (Minor) at 19:04
3rd period
5. Golden Knights , Chris Higgins 19 (Zach Bogosian 41, Andrei Loktionov 39) at 1:28 (PP)
6. Golden Knights , Matt Stajan 18 (Ilya Kovalchuk 28, Jared Cowen 18) at 2:30 (SH)
Penalties :
Brandon Saad (Van) for Holding (Minor) at 1:15, Zach Bogosian (Vgs) for Hooking (Minor) at 1:46, Jesper Fast (Van) for Interference (Minor) at 14:37, Michael Frolik (Vgs) for Holding (Minor) at 18:28
Goalie Stats
Robin Lehner (Vgs), 30 saves from 32 shots - (0.938), W, 27-20-8, 60:00 minutes
Martin Jones (Van), 11 saves from 11 shots - (1.000), 17:30 minutes
Jacob Markstrom (Van), 13 saves from 17 shots - (0.765), L, 25-31-5, 42:30 minutes
Players Stats for Golden Knights
Player Name G A P +/- PIM S H SB GA TA FO MP PP MP PK MP
------------------------------------------------------------------------------------
Alex Tanguay 0 0 0 -1 0 2 0 0 0 0 0/0 9:31 0:00 2:35
Andrei Loktionov 0 1 1 -1 0 3 2 0 1 0 3/12 18:21 3:06 5:15
Brandon Bollig 0 0 0 0 0 1 1 0 0 0 0/0 5:51 0:00 0:00
Chris Higgins 1 0 1 -1 0 3 1 1 0 1 1/1 13:29 3:06 0:30
Damien Brunner 0 0 0 0 0 0 1 0 0 0 0/0 5:51 0:00 0:00
Ilya Kovalchuk 0 2 2 2 4 3 6 0 3 0 2/9 23:19 3:05 6:36
Jared Cowen 0 1 1 2 0 0 4 1 1 2 0/0 28:51 3:47 10:02
Mathew Dumba 0 0 0 0 2 0 1 1 0 0 0/0 17:15 0:40 5:29
Matt Stajan 1 2 3 2 2 3 2 2 0 1 12/29 25:05 3:05 8:28
Maxim Lapierre 0 0 0 -1 0 3 2 1 0 1 1/4 9:47 0:00 2:48
Michael Frolik 2 0 2 1 2 5 1 0 0 0 1/3 20:03 3:05 3:50
Michael Kostka 0 0 0 -2 0 1 6 1 0 1 0/0 22:53 2:24 6:47
Nathan Paetsch 0 0 0 0 0 1 0 0 0 0 0/0 14:22 0:00 2:19
Ole-Kristian Tollefsen 0 0 0 -1 15 0 0 0 0 0 0/0 10:30 1:44 2:56
Patrice Cormier 0 0 0 0 0 1 0 0 2 0 2/5 5:51 0:00 0:00
Steve Bernier 0 0 0 -1 0 1 1 0 0 0 4/7 11:12 0:00 4:00
Wayne Simmonds 0 0 0 -1 0 0 4 0 0 0 0/0 12:56 3:06 0:00
Zach Bogosian 0 1 1 1 4 1 0 0 0 1 0/0 26:21 3:47 7:25
Players Stats for Canucks
Player Name G A P +/- PIM S H SB GA TA FO MP PP MP PK MP
------------------------------------------------------------------------------------
Ben Lovejoy 0 1 1 0 0 3 1 0 0 1 0/0 20:25 6:42 2:20
Brandon Saad 0 0 0 0 2 2 3 0 1 0 1/1 11:42 0:58 0:14
Brandon Sutter 0 0 0 0 0 4 1 0 1 1 6/7 11:29 1:14 0:00
Colton Gillies 0 0 0 1 0 0 0 0 0 0 1/2 5:00 0:00 0:00
Drew Fata 0 1 1 0 0 1 0 1 0 1 0/0 30:24 10:04 3:51
Jack Skille 0 0 0 0 0 0 0 0 0 0 1/1 2:26 1:27 0:00
Jamie McBain 0 0 0 0 0 7 0 1 1 0 0/0 30:24 10:04 3:51
Jason Zucker 0 0 0 -1 2 2 0 0 0 0 0/1 17:04 6:53 0:00
Jeremy Morin 0 0 0 -1 0 1 3 2 0 0 0/1 16:43 6:53 0:00
Jesper Fast 0 0 0 1 2 0 0 0 0 0 0/0 5:30 0:13 0:00
Jonathan Blum 0 0 0 0 2 0 0 2 0 0 0/0 9:10 0:43 0:00
Jordie Benn 0 0 0 0 2 1 0 0 0 1 0/0 9:17 0:43 0:00
Kurtis Foster 0 1 1 0 0 0 1 0 0 0 0/0 20:25 6:42 2:20
Loui Eriksson 0 0 0 0 0 4 1 0 0 1 1/2 24:11 9:26 3:53
Marc Savard 0 0 0 -1 0 1 3 0 1 0 8/9 18:41 6:53 1:51
Nick Palmieri 1 0 1 0 0 4 1 0 1 2 0/2 21:41 9:15 1:51
Patrick Eaves 0 0 0 0 0 0 0 0 0 0 0/0 11:02 0:00 0:47
Robert Nilsson 1 0 1 1 0 2 3 1 2 0 26/44 28:10 9:15 3:46
3 Stars
1 - Matt Stajan (Vgs)
2 - Michael Frolik (Vgs)
3 - Jared Cowen (Vgs)
Power Play
Golden Knights - 2 on 5 Attempt(s) - 40.00%
Canucks - 0 on 8 Attempt(s) - 0.00%
Penalty Kill
Golden Knights - 8 on 8 Attempt(s) - 100.00%
- Score 1 goal in Penalty Kill
Canucks - 3 on 5 Attempt(s) - 60.00%
- Score 0 goal in Penalty Kill
Team Stat
Golden Knights - Hits : 32 - Faceoff Wins : 26 - Blocked Shots : 7 - Penalty Minutes : 29
Canucks - Hits : 17 - Faceoff Wins : 44 - Blocked Shots : 7 - Penalty Minutes : 10
Official
Referees : Unknown
Linesman : Unknown
Game Notes
Ole-Kristian Tollefsen ejected from game at 10:12 of 2nd period
Martin Jones enters game at 2:30 of 3rd period
Finance
Level 1 -- Attendance: 5683 (94.72%) -- Ticket Income $471,689
Level 2 -- Attendance: 5000 (100.00%) -- Ticket Income $245,000
Level 3 -- Attendance: 1880 (94.00%) -- Ticket Income $63,920
Level 4 -- Attendance: 3900 (97.50%) -- Ticket Income $66,300
Luxury Box -- Attendance: 1000 (100.00%) -- Ticket Income $98,000
Game was played at the Budweiser Coliseum.
Total Attendance: 17463 (97.02%)
Total Ticket Income: $944,909
Other Income: $141,736
Total Income: $1,086,645
Golden Knights
5 vs 5 Forward
Center Left Wing Right Wing Time % Phy DF OF
1 Matt Stajan Ilya Kovalchuk Michael Frolik 40 1 2 2
2 Andrei Loktionov Chris Higgins Wayne Simmonds 30 1 2 2
3 Maxim Lapierre Alex Tanguay Steve Bernier 20 1 2 2
4 Patrice Cormier Brandon Bollig Damien Brunner 10 1 2 2
5 vs 5 Defense
Defense Defense Time % Phy DF OF
1 Zach Bogosian Jared Cowen 40 1 2 2
2 Ole-Kristian Tollefsen Michael Kostka 30 1 2 2
3 Nathan Paetsch Mathew Dumba 20 1 2 2
4 Zach Bogosian Jared Cowen 10 1 2 2
PowerPlay Forward
Center Left Wing Right Wing Time % Phy DF OF
1 Matt Stajan Ilya Kovalchuk Michael Frolik 60 1 2 2
2 Andrei Loktionov Chris Higgins Wayne Simmonds 40 1 2 2
PowerPlay Defense
Defense Defense Time % Phy DF OF
1 Zach Bogosian Jared Cowen 60 1 2 2
2 Ole-Kristian Tollefsen Michael Kostka 40 1 2 2
Penalty Kill 4 Players Forward
Center Wing Time % Phy DF OF
1 Ilya Kovalchuk Matt Stajan 60 1 2 2
2 Michael Frolik Andrei Loktionov 40 1 2 2
Penalty Kill 4 Players Defense
Defense Defense Time % Phy DF OF
1 Zach Bogosian Jared Cowen 60 1 2 2
2 Ole-Kristian Tollefsen Michael Kostka 40 1 2 2
Penalty Kill - 3 Players Forward
Forward Time % Phy DF OF
1 Ilya Kovalchuk 60 1 2 2
2 Matt Stajan 40 1 2 2
Penalty Kill - 3 Players Defense
Defense Defense Time % Phy DF OF
1 Zach Bogosian Jared Cowen 60 1 2 2
2 Ole-Kristian Tollefsen Michael Kostka 40 1 2 2
4 vs 4 Forward
Center Wing Time % Phy DF OF
1 Ilya Kovalchuk Matt Stajan 60 1 2 2
2 Michael Frolik Andrei Loktionov 40 1 2 2
4 vs 4 Defense
Defense Defense Time % Phy DF OF
1 Zach Bogosian Jared Cowen 60 1 2 2
2 Ole-Kristian Tollefsen Michael Kostka 40 1 2 2
Last Minutes Offensive
Center Left Wing Right Wing Defense Defense
Matt Stajan Ilya Kovalchuk Michael Frolik Zach Bogosian Jared Cowen
Last Minutes Defensive
Center Left Wing Right Wing Defense Defense
Matt Stajan Ilya Kovalchuk Michael Frolik Zach Bogosian Jared Cowen
Goaltenders
Starting : Robin Lehner
Backup : Matt Hackett
Extra Forwards
Normal : Alex Tanguay, Maxim Lapierre, Steve Bernier - PP : Alex Tanguay, Maxim Lapierre - PK : Steve Bernier
Extra Defensemen
Normal : Nathan Paetsch, Mathew Dumba, Ole-Kristian Tollefsen - PP : Nathan Paetsch - PK : Mathew Dumba, Ole-Kristian Tollefsen
Penalty Shots
Ilya Kovalchuk, Matt Stajan, Michael Frolik, Andrei Loktionov, Wayne Simmonds
Scratches
Vladimir Mihalik (Bruised Left Foot Injury)
Canucks
5 vs 5 Forward
Center Left Wing Right Wing Time % Phy DF OF
1 Robert Nilsson Loui Eriksson Nick Palmieri 40 1 2 2
2 Marc Savard Jason Zucker Jeremy Morin 30 1 2 2
3 Brandon Sutter Brandon Saad Patrick Eaves 20 1 2 2
4 Colton Gillies Robert Nilsson Jesper Fast 10 1 2 2
5 vs 5 Defense
Defense Defense Time % Phy DF OF
1 Jamie McBain Drew Fata 40 1 2 2
2 Ben Lovejoy Kurtis Foster 30 1 2 2
3 Jonathan Blum Jordie Benn 20 1 2 2
4 Jamie McBain Drew Fata 10 1 2 2
PowerPlay Forward
Center Left Wing Right Wing Time % Phy DF OF
1 Robert Nilsson Loui Eriksson Nick Palmieri 60 1 2 2
2 Marc Savard Jason Zucker Jeremy Morin 40 1 2 2
PowerPlay Defense
Defense Defense Time % Phy DF OF
1 Jamie McBain Drew Fata 60 1 2 2
2 Ben Lovejoy Kurtis Foster 40 1 2 2
Penalty Kill 4 Players Forward
Center Wing Time % Phy DF OF
1 Robert Nilsson Loui Eriksson 60 1 2 2
2 Marc Savard Nick Palmieri 40 1 2 2
Penalty Kill 4 Players Defense
Defense Defense Time % Phy DF OF
1 Jamie McBain Drew Fata 60 1 2 2
2 Ben Lovejoy Kurtis Foster 40 1 2 2
Penalty Kill - 3 Players Forward
Forward Time % Phy DF OF
1 Robert Nilsson 60 1 2 2
2 Loui Eriksson 40 1 2 2
Penalty Kill - 3 Players Defense
Defense Defense Time % Phy DF OF
1 Jamie McBain Drew Fata 60 1 2 2
2 Ben Lovejoy Kurtis Foster 40 1 2 2
4 vs 4 Forward
Center Wing Time % Phy DF OF
1 Robert Nilsson Loui Eriksson 60 1 2 2
2 Marc Savard Nick Palmieri 40 1 2 2
4 vs 4 Defense
Defense Defense Time % Phy DF OF
1 Jamie McBain Drew Fata 60 1 2 2
2 Ben Lovejoy Kurtis Foster 40 1 2 2
Last Minutes Offensive
Center Left Wing Right Wing Defense Defense
Robert Nilsson Loui Eriksson Nick Palmieri Jamie McBain Drew Fata
Last Minutes Defensive
Center Left Wing Right Wing Defense Defense
Robert Nilsson Loui Eriksson Nick Palmieri Jamie McBain Drew Fata
Goaltenders
Starting : Jacob Markstrom
Backup : Martin Jones
Extra Forwards
Normal : Jack Skille, Brandon Sutter, Patrick Eaves - PP : Jack Skille, Brandon Sutter - PK : Patrick Eaves
Extra Defensemen
Normal : Jonathan Blum, Jordie Benn, Ben Lovejoy - PP : Jonathan Blum - PK : Jordie Benn, Ben Lovejoy
Penalty Shots
Robert Nilsson, Loui Eriksson, Marc Savard, Nick Palmieri, Brandon Sutter
Scratches
Andy Rogers (Strained Left Elbow Injury), Jake Muzzin (Healthy)
% Time on Ice - Golden Knights
Lines # - Real PCT - Wanted PCT - Time Play
Normal Forward
1 - 37% - 40% - 13:33
2 - 28% - 30% - 10:00
3 - 19% - 20% - 6:56
4 - 16% - 10% - 5:51
Normal Defense
1 - 40% - 40% - 14:35
2 - 38% - 30% - 13:51
3 - 21% - 20% - 7:35
4 - 1% - 10% - 0:19
PP Forward
1 - 50% - 60% - 3:05
2 - 50% - 40% - 3:06
PP Defense
1 - 61% - 60% - 3:47
2 - 39% - 40% - 2:24
PK Forward
1 - 70% - 60% - 11:37
2 - 30% - 40% - 4:57
PK Defense
1 - 57% - 60% - 9:22
2 - 43% - 40% - 7:12
PK3 Forward
1 - 84% - 60% - 0:46
2 - 16% - 40% - 0:09
PK3 Defense
1 - 69% - 60% - 0:38
2 - 31% - 40% - 0:17
44 Forward
1 - 0% - 60%
2 - 0% - 40%
44 Defense
1 - 0% - 60%
2 - 0% - 40%
Last Minute Offensive - 0:00
Last Minute Defensive - 0:00
Total
Forward - 60:00
Defense - 60:00
|
% Time on Ice - Canucks
Lines # - Real PCT - Wanted PCT - Time Play
Normal Forward
1 - 31% - 40% - 11:08
2 - 27% - 30% - 9:57
3 - 28% - 20% - 10:15
4 - 14% - 10% - 5:00
Normal Defense
1 - 45% - 40% - 16:22
2 - 31% - 30% - 11:23
3 - 22% - 20% - 8:04
4 - 1% - 10% - 0:31
PP Forward
1 - 61% - 60% - 10:36
2 - 39% - 40% - 6:53
PP Defense
1 - 62% - 60% - 10:47
2 - 38% - 40% - 6:42
PK Forward
1 - 70% - 60% - 4:20
2 - 30% - 40% - 1:51
PK Defense
1 - 62% - 60% - 3:51
2 - 38% - 40% - 2:20
PK3 Forward
1 - 0% - 60%
2 - 0% - 40%
PK3 Defense
1 - 0% - 60%
2 - 0% - 40%
44 Forward
1 - 0% - 60%
2 - 0% - 40%
44 Defense
1 - 0% - 60%
2 - 0% - 40%
Last Minute Offensive - 0:00
Last Minute Defensive - 0:00
Total
Forward - 60:00
Defense - 60:00
|
Play-by-Play
1st period
0:01 of 1st period - Robert Nilsson wins face-off versus Matt Stajan in neutral zone.
0:23 of 1st period - Icing by Jamie McBain.
0:24 of 1st period - Marc Savard wins face-off versus Andrei Loktionov in Canucks zone.
0:53 of 1st period - Ben Lovejoy is hit by Steve Bernier and loses puck.
1:02 of 1st period - Slapshot by Maxim Lapierre.
1:02 of 1st period - Stopped by Jacob Markstrom without a rebound.
1:03 of 1st period - Patrice Cormier wins face-off versus Colton Gillies in Canucks zone.
1:58 of 1st period - Slapshot by Michael Frolik.
1:58 of 1st period - Stopped by Jacob Markstrom without a rebound.
1:59 of 1st period - Matt Stajan wins face-off versus Marc Savard in Canucks zone.
2:00 of 1st period - Wrist shot by Ilya Kovalchuk.
2:00 of 1st period - Stopped by Jacob Markstrom without a rebound.
2:01 of 1st period - Brandon Sutter wins face-off versus Matt Stajan in Canucks zone.
2:06 of 1st period - Snap shot by Brandon Saad.
2:06 of 1st period - Shot Misses the Net.
2:08 of 1st period - Slapshot by Ben Lovejoy.
2:08 of 1st period - Stopped by Robin Lehner with a rebound.
2:10 of 1st period - Slapshot by Ben Lovejoy.
2:10 of 1st period - Stopped by Robin Lehner with a rebound.
2:12 of 1st period - Snap shot by Ben Lovejoy.
2:12 of 1st period - Deflect By Brandon Sutter.
2:12 of 1st period - Stopped by Robin Lehner with a rebound.
2:14 of 1st period - Slapshot by Ben Lovejoy.
2:14 of 1st period - Stopped by Robin Lehner with a rebound.
2:16 of 1st period - Snap shot by Brandon Saad.
2:16 of 1st period - Stopped by Robin Lehner with a rebound.
2:26 of 1st period - Michael Frolik is hit by Jeremy Morin and loses puck.
3:08 of 1st period - Minor Penalty to Jordie Benn for Roughing.
3:09 of 1st period - Robert Nilsson wins face-off versus Andrei Loktionov in Canucks zone.
3:13 of 1st period - Slapshot by Jamie McBain.
3:13 of 1st period - Stopped by Robin Lehner without a rebound.
3:14 of 1st period - Robert Nilsson wins face-off versus Andrei Loktionov in Golden Knights zone.
3:21 of 1st period - Snap shot by Loui Eriksson.
3:21 of 1st period - Shot Misses the Net.
3:23 of 1st period - Slapshot by Drew Fata.
3:23 of 1st period - Stopped by Robin Lehner without a rebound.
3:24 of 1st period - Matt Stajan wins face-off versus Robert Nilsson in Golden Knights zone.
3:58 of 1st period - Slapshot by Chris Higgins.
3:58 of 1st period - Shot Blocked by Jamie McBain.
5:08 of 1st period - Penalty to Jordie Benn is over, Jordie Benn is back on ice.
5:28 of 1st period - Wrist shot by Patrick Eaves.
5:28 of 1st period - Shot Blocked by Michael Kostka.
6:06 of 1st period - Chris Higgins is hit by Brandon Saad and loses puck.
6:52 of 1st period - Zach Bogosian is hit by Marc Savard and loses puck.
8:16 of 1st period - Wrist shot by Loui Eriksson.
8:16 of 1st period - Stopped by Robin Lehner without a rebound.
8:17 of 1st period - Robert Nilsson wins face-off versus Andrei Loktionov in Golden Knights zone.
8:26 of 1st period - Snap shot by Loui Eriksson.
8:26 of 1st period - Shot Blocked by Chris Higgins.
8:51 of 1st period - Snap shot by Chris Higgins.
8:51 of 1st period - Stopped by Jacob Markstrom with a rebound.
8:57 of 1st period - Slapshot by Wayne Simmonds.
8:57 of 1st period - Shot Misses the Net.
8:59 of 1st period - Slapshot by Zach Bogosian.
8:59 of 1st period - Shot Misses the Net.
9:03 of 1st period - Backhand shot by Wayne Simmonds.
9:03 of 1st period - Shot Blocked by Jeremy Morin.
9:05 of 1st period - Slapshot by Chris Higgins.
9:05 of 1st period - Stopped by Jacob Markstrom without a rebound.
9:06 of 1st period - Robert Nilsson wins face-off versus Matt Stajan in Canucks zone.
9:10 of 1st period - Off-side.
9:11 of 1st period - Matt Stajan wins face-off versus Robert Nilsson in neutral zone.
9:14 of 1st period - Robert Nilsson is hit by Matt Stajan and loses puck.
9:30 of 1st period - Minor Penalty to Ilya Kovalchuk for High sticking.
9:31 of 1st period - Robert Nilsson wins face-off versus Steve Bernier in Golden Knights zone.
9:33 of 1st period - Wrist shot by Loui Eriksson.
9:33 of 1st period - Shot Misses the Net.
9:35 of 1st period - Slapshot by Drew Fata.
9:35 of 1st period - Shot Blocked by Jared Cowen.
9:37 of 1st period - Slapshot by Loui Eriksson.
9:37 of 1st period - Stopped by Robin Lehner without a rebound.
9:38 of 1st period - Robert Nilsson wins face-off versus Steve Bernier in Golden Knights zone.
9:39 of 1st period - Slapshot by Jamie McBain.
9:39 of 1st period - Stopped by Robin Lehner with a rebound.
9:41 of 1st period - Snap shot by Loui Eriksson.
9:41 of 1st period - Shot Misses the Net.
9:43 of 1st period - Snap shot by Loui Eriksson.
9:43 of 1st period - Stopped by Robin Lehner with a rebound.
9:45 of 1st period - Wrist shot by Robert Nilsson.
9:45 of 1st period - Stopped by Robin Lehner without a rebound.
9:46 of 1st period - Robert Nilsson wins face-off versus Steve Bernier in Golden Knights zone.
9:47 of 1st period - Slapshot by Jamie McBain.
9:47 of 1st period - Shot Misses the Net.
10:20 of 1st period - Slapshot by Jamie McBain.
10:20 of 1st period - Shot Misses the Net.
11:30 of 1st period - Penalty to Ilya Kovalchuk is over, Ilya Kovalchuk is back on ice.
11:53 of 1st period - Snap shot by Brandon Sutter.
11:53 of 1st period - Stopped by Robin Lehner without a rebound.
11:54 of 1st period - Brandon Saad wins face-off versus Matt Stajan in Golden Knights zone.
12:09 of 1st period - Slapshot by Jamie McBain.
12:09 of 1st period - Stopped by Robin Lehner without a rebound.
12:10 of 1st period - Chris Higgins wins face-off versus Robert Nilsson in Golden Knights zone.
12:17 of 1st period - Wrist shot by Andrei Loktionov.
12:17 of 1st period - Stopped by Jacob Markstrom with a rebound.
12:24 of 1st period - Drew Fata is hit by Wayne Simmonds and loses puck.
12:38 of 1st period - Minor Penalty to Jason Zucker for Roughing.
12:39 of 1st period - Robert Nilsson wins face-off versus Michael Frolik in Canucks zone.
12:55 of 1st period - Slapshot by Matt Stajan.
12:55 of 1st period - Shot Misses the Net.
13:19 of 1st period - Wrist shot by Andrei Loktionov.
13:19 of 1st period - Stopped by Jacob Markstrom without a rebound.
13:20 of 1st period - Robert Nilsson wins face-off versus Andrei Loktionov in Canucks zone.
13:32 of 1st period - Icing by Wayne Simmonds.
13:33 of 1st period - Andrei Loktionov wins face-off versus Robert Nilsson in Golden Knights zone.
14:38 of 1st period - Penalty to Jason Zucker is over, Jason Zucker is back on ice.
15:09 of 1st period - Snap shot by Brandon Sutter.
15:09 of 1st period - Deflect By Brandon Saad.
15:09 of 1st period - Shot Misses the Net.
15:09 of 1st period - Puck is out of play.
15:10 of 1st period - Brandon Sutter wins face-off versus Matt Stajan in Golden Knights zone.
15:10 of 1st period - Brandon Sutter is hit by Jared Cowen.
15:12 of 1st period - Slapshot by Jamie McBain.
15:12 of 1st period - Stopped by Robin Lehner with a rebound.
15:14 of 1st period - Snap shot by Drew Fata.
15:14 of 1st period - Shot Misses the Net.
15:38 of 1st period - Snap shot by Brandon Sutter.
15:38 of 1st period - Stopped by Robin Lehner with a rebound.
16:15 of 1st period - Slapshot by Brandon Sutter.
16:15 of 1st period - Shot Misses the Net.
16:54 of 1st period - Minor Penalty to Matt Stajan for Holding.
16:55 of 1st period - Steve Bernier wins face-off versus Robert Nilsson in Golden Knights zone.
17:07 of 1st period - Slapshot by Michael Kostka.
17:07 of 1st period - Shot Misses the Net.
17:09 of 1st period - Slapshot by Michael Kostka.
17:09 of 1st period - Shot Misses the Net.
17:11 of 1st period - Snap shot by Steve Bernier.
17:11 of 1st period - Stopped by Jacob Markstrom with a rebound.
17:56 of 1st period - Michael Kostka is hit by Loui Eriksson.
18:54 of 1st period - Penalty to Matt Stajan is over, Matt Stajan is back on ice.
19:08 of 1st period - Slapshot by Zach Bogosian.
19:08 of 1st period - Deflect By Patrice Cormier.
19:08 of 1st period - Stopped by Jacob Markstrom without a rebound.
19:09 of 1st period - Jack Skille wins face-off versus Patrice Cormier in Canucks zone.
19:49 of 1st period - Minor Penalty to Ilya Kovalchuk for Tripping.
19:50 of 1st period - Steve Bernier wins face-off versus Robert Nilsson in Golden Knights zone.
Goals for this period are 0 for Golden Knights vs 0 for Canucks.
Shots for this period are 9 for Golden Knights vs 16 for Canucks.
2nd period
0:01 of 2nd period - Steve Bernier wins face-off versus Robert Nilsson in neutral zone.
1:32 of 2nd period - Robert Nilsson is hit by Jared Cowen.
1:49 of 2nd period - Penalty to Ilya Kovalchuk is over, Ilya Kovalchuk is back on ice.
1:56 of 2nd period - Jared Cowen is hit by Marc Savard and loses puck.
3:27 of 2nd period - Kurtis Foster is hit by Chris Higgins and loses puck.
3:44 of 2nd period - Nathan Paetsch is hit by Kurtis Foster.
3:50 of 2nd period - Icing by Matt Stajan.
3:51 of 2nd period - Brandon Sutter wins face-off versus Ilya Kovalchuk in Golden Knights zone.
3:56 of 2nd period - Wrist shot by Brandon Sutter.
3:56 of 2nd period - Stopped by Robin Lehner without a rebound.
3:57 of 2nd period - Robert Nilsson wins face-off versus Andrei Loktionov in Golden Knights zone.
4:25 of 2nd period - Snap shot by Ilya Kovalchuk.
4:25 of 2nd period - Shot Misses the Net.
4:27 of 2nd period - Snap shot by Zach Bogosian.
4:27 of 2nd period - Shot Blocked by Jonathan Blum.
4:29 of 2nd period - Snap shot by Ilya Kovalchuk.
4:29 of 2nd period - Stopped by Jacob Markstrom without a rebound.
4:30 of 2nd period - Matt Stajan wins face-off versus Robert Nilsson in Canucks zone.
4:55 of 2nd period - Marc Savard is hit by Michael Kostka and loses puck.
5:02 of 2nd period - Snap shot by Zach Bogosian.
5:02 of 2nd period - Shot Blocked by Jeremy Morin.
5:04 of 2nd period - Slapshot by Zach Bogosian.
5:04 of 2nd period - Shot Misses the Net.
5:06 of 2nd period - Snap shot by Zach Bogosian.
5:06 of 2nd period - Deflect By Chris Higgins.
5:06 of 2nd period - Shot Misses the Net.
5:06 of 2nd period - Puck is out of play.
5:07 of 2nd period - Matt Stajan wins face-off versus Nick Palmieri in Canucks zone.
5:53 of 2nd period - Snap shot by Nick Palmieri.
5:53 of 2nd period - Goal by Nick Palmieri - Golden Knights : 0 - Canucks : 1.
5:54 of 2nd period - Marc Savard wins face-off versus Matt Stajan in neutral zone.
6:21 of 2nd period - Brandon Saad is hit by Wayne Simmonds and loses puck.
7:21 of 2nd period - Minor Penalty to Jonathan Blum for High sticking.
7:22 of 2nd period - Matt Stajan wins face-off versus Robert Nilsson in Canucks zone.
7:22 of 2nd period - Wrist shot by Michael Frolik.
7:22 of 2nd period - Goal by Michael Frolik - Golden Knights : 1 - Canucks : 1.
7:23 of 2nd period - Robert Nilsson wins face-off versus Matt Stajan in neutral zone.
7:35 of 2nd period - Snap shot by Nick Palmieri.
7:35 of 2nd period - Stopped by Robin Lehner without a rebound.
7:36 of 2nd period - Matt Stajan wins face-off versus Nick Palmieri in Golden Knights zone.
7:45 of 2nd period - Snap shot by Michael Frolik.
7:45 of 2nd period - Stopped by Jacob Markstrom without a rebound.
7:46 of 2nd period - Robert Nilsson wins face-off versus Matt Stajan in Canucks zone.
7:50 of 2nd period - Jamie McBain is hit by Michael Kostka.
7:57 of 2nd period - Icing by Michael Kostka.
7:58 of 2nd period - Matt Stajan wins face-off versus Robert Nilsson in Golden Knights zone.
8:43 of 2nd period - Slapshot by Michael Frolik.
8:43 of 2nd period - Shot Misses the Net.
8:45 of 2nd period - Slapshot by Michael Kostka.
8:45 of 2nd period - Stopped by Jacob Markstrom with a rebound.
8:47 of 2nd period - Slapshot by Michael Kostka.
8:47 of 2nd period - Deflect By Michael Frolik.
8:47 of 2nd period - Shot Blocked by Robert Nilsson.
8:47 of 2nd period - Puck is out of play.
8:48 of 2nd period - Marc Savard wins face-off versus Andrei Loktionov in Canucks zone.
8:48 of 2nd period - Ben Lovejoy is hit by Andrei Loktionov.
8:58 of 2nd period - Chris Higgins is hit by Marc Savard and loses puck.
9:08 of 2nd period - Minor Penalty to Zach Bogosian for Hooking.
9:09 of 2nd period - Matt Stajan wins face-off versus Robert Nilsson in Golden Knights zone.
9:44 of 2nd period - Slapshot by Jason Zucker.
9:44 of 2nd period - Stopped by Robin Lehner with a rebound.
9:54 of 2nd period - Michael Kostka is hit by Ben Lovejoy and loses puck.
10:12 of 2nd period - Major / Game Misconduct Penalty to Ole-Kristian Tollefsen for Head-butting.
10:12 of 2nd period - Ole-Kristian Tollefsen is ejected from game.
10:13 of 2nd period - Robert Nilsson wins face-off versus Ilya Kovalchuk in Golden Knights zone.
10:23 of 2nd period - Snap shot by Loui Eriksson.
10:23 of 2nd period - Stopped by Robin Lehner with a rebound.
11:08 of 2nd period - Penalty to Zach Bogosian is over, Zach Bogosian is back on ice.
14:00 of 2nd period - Matt Stajan is hit by Robert Nilsson and loses puck.
14:36 of 2nd period - Icing by Drew Fata.
14:37 of 2nd period - Brandon Sutter wins face-off versus Andrei Loktionov in Canucks zone.
14:50 of 2nd period - Ben Lovejoy is hit by Ilya Kovalchuk and loses puck.
15:05 of 2nd period - Robert Nilsson is hit by Ilya Kovalchuk and loses puck.
15:12 of 2nd period - Penalty to Ole-Kristian Tollefsen is over, Steve Bernier is send on ice.
15:20 of 2nd period - Icing by Brandon Sutter.
15:21 of 2nd period - Brandon Sutter wins face-off versus Maxim Lapierre in Canucks zone.
15:21 of 2nd period - Brandon Sutter is hit by Maxim Lapierre.
15:58 of 2nd period - Mathew Dumba is hit by Robert Nilsson and loses puck.
16:21 of 2nd period - Wayne Simmonds is hit by Robert Nilsson and loses puck.
16:36 of 2nd period - Wrist shot by Wayne Simmonds.
16:36 of 2nd period - Shot Blocked by Drew Fata.
17:25 of 2nd period - Wrist shot by Robert Nilsson.
17:25 of 2nd period - Goal by Robert Nilsson - Golden Knights : 1 - Canucks : 2.
17:26 of 2nd period - Marc Savard wins face-off versus Matt Stajan in neutral zone.
17:40 of 2nd period - Snap shot by Ilya Kovalchuk.
17:40 of 2nd period - Deflect By Matt Stajan.
17:40 of 2nd period - Stopped by Jacob Markstrom without a rebound.
17:41 of 2nd period - Matt Stajan wins face-off versus Jason Zucker in Canucks zone.
17:44 of 2nd period - Wrist shot by Michael Frolik.
17:44 of 2nd period - Goal by Michael Frolik - Golden Knights : 2 - Canucks : 2.
17:45 of 2nd period - Marc Savard wins face-off versus Michael Frolik in neutral zone.
17:52 of 2nd period - Snap shot by Marc Savard.
17:52 of 2nd period - Stopped by Robin Lehner with a rebound.
19:04 of 2nd period - Minor Penalty to Mathew Dumba for Interference.
19:05 of 2nd period - Ilya Kovalchuk wins face-off versus Robert Nilsson in Golden Knights zone.
19:05 of 2nd period - Ilya Kovalchuk is hit by Nick Palmieri.
19:17 of 2nd period - Slapshot by Jamie McBain.
19:17 of 2nd period - Stopped by Robin Lehner with a rebound.
19:53 of 2nd period - Kurtis Foster is hit by Michael Kostka and loses puck.
Goals for this period are 2 for Golden Knights vs 2 for Canucks.
Shots for this period are 6 for Golden Knights vs 8 for Canucks.
3rd period
0:01 of 3rd period - Robert Nilsson wins face-off versus Ilya Kovalchuk in neutral zone.
1:04 of 3rd period - Penalty to Mathew Dumba is over, Mathew Dumba is back on ice.
1:15 of 3rd period - Minor Penalty to Brandon Saad for Holding.
1:16 of 3rd period - Andrei Loktionov wins face-off versus Robert Nilsson in Canucks zone.
1:18 of 3rd period - Snap shot by Andrei Loktionov.
1:18 of 3rd period - Shot Misses the Net.
1:26 of 3rd period - Slapshot by Zach Bogosian.
1:26 of 3rd period - Shot Misses the Net.
1:28 of 3rd period - Snap shot by Chris Higgins.
1:28 of 3rd period - Goal by Chris Higgins - Golden Knights : 3 - Canucks : 2.
1:29 of 3rd period - Robert Nilsson wins face-off versus Matt Stajan in neutral zone.
1:29 of 3rd period - Robert Nilsson is hit by Michael Frolik.
1:37 of 3rd period - Snap shot by Jamie McBain.
1:37 of 3rd period - Deflect By Nick Palmieri.
1:37 of 3rd period - Stopped by Robin Lehner without a rebound.
1:38 of 3rd period - Robert Nilsson wins face-off versus Matt Stajan in Golden Knights zone.
1:46 of 3rd period - Minor Penalty to Zach Bogosian for Hooking.
1:47 of 3rd period - Ilya Kovalchuk wins face-off versus Robert Nilsson in Golden Knights zone.
1:59 of 3rd period - Slapshot by Jamie McBain.
1:59 of 3rd period - Deflect By Matt Stajan.
1:59 of 3rd period - Stopped by Robin Lehner without a rebound.
2:00 of 3rd period - Robert Nilsson wins face-off versus Ilya Kovalchuk in Golden Knights zone.
2:23 of 3rd period - Robert Nilsson is hit by Ilya Kovalchuk and loses puck.
2:30 of 3rd period - Wrist shot by Matt Stajan.
2:30 of 3rd period - Goal by Matt Stajan - Golden Knights : 4 - Canucks : 2.
2:30 of 3rd period - Martin Jones enters game.
2:31 of 3rd period - Robert Nilsson wins face-off versus Ilya Kovalchuk in neutral zone.
2:44 of 3rd period - Wrist shot by Robert Nilsson.
2:44 of 3rd period - Shot Blocked by Matt Stajan.
2:46 of 3rd period - Wrist shot by Robert Nilsson.
2:46 of 3rd period - Shot Misses the Net.
2:58 of 3rd period - Ilya Kovalchuk is hit by Jeremy Morin and loses puck.
3:31 of 3rd period - Jeremy Morin is hit by Mathew Dumba and loses puck.
3:46 of 3rd period - Penalty to Zach Bogosian is over, Zach Bogosian is back on ice.
3:53 of 3rd period - Slapshot by Jamie McBain.
3:53 of 3rd period - Stopped by Robin Lehner without a rebound.
3:54 of 3rd period - Maxim Lapierre wins face-off versus Brandon Sutter in Golden Knights zone.
3:54 of 3rd period - Maxim Lapierre is hit by Brandon Sutter.
4:00 of 3rd period - Slapshot by Nathan Paetsch.
4:00 of 3rd period - Shot Blocked by Jonathan Blum.
4:06 of 3rd period - Snap shot by Maxim Lapierre.
4:06 of 3rd period - Stopped by Martin Jones without a rebound.
4:07 of 3rd period - Andrei Loktionov wins face-off versus Loui Eriksson in Canucks zone.
4:26 of 3rd period - Loui Eriksson is hit by Wayne Simmonds and loses puck.
4:44 of 3rd period - Snap shot by Marc Savard.
4:44 of 3rd period - Shot Misses the Net.
5:26 of 3rd period - Jordie Benn is hit by Brandon Bollig and loses puck.
5:45 of 3rd period - Snap shot by Jason Zucker.
5:45 of 3rd period - Stopped by Robin Lehner without a rebound.
5:46 of 3rd period - Matt Stajan wins face-off versus Jeremy Morin in Golden Knights zone.
5:46 of 3rd period - Matt Stajan is hit by Jeremy Morin.
5:56 of 3rd period - Snap shot by Ilya Kovalchuk.
5:56 of 3rd period - Shot Misses the Net.
5:58 of 3rd period - Snap shot by Nathan Paetsch.
5:58 of 3rd period - Stopped by Martin Jones without a rebound.
5:59 of 3rd period - Michael Frolik wins face-off versus Robert Nilsson in Canucks zone.
6:35 of 3rd period - Slapshot by Jamie McBain.
6:35 of 3rd period - Shot Misses the Net.
6:51 of 3rd period - Snap shot by Alex Tanguay.
6:51 of 3rd period - Stopped by Martin Jones with a rebound.
6:53 of 3rd period - Wrist shot by Alex Tanguay.
6:53 of 3rd period - Stopped by Martin Jones with a rebound.
6:55 of 3rd period - Snap shot by Maxim Lapierre.
6:55 of 3rd period - Stopped by Martin Jones without a rebound.
6:56 of 3rd period - Robert Nilsson wins face-off versus Matt Stajan in Canucks zone.
7:47 of 3rd period - Brandon Sutter is hit by Michael Kostka and loses puck.
8:24 of 3rd period - Jordie Benn is hit by Michael Kostka.
8:36 of 3rd period - Ilya Kovalchuk is hit by Brandon Saad and loses puck.
9:20 of 3rd period - Off-side.
9:21 of 3rd period - Brandon Sutter wins face-off versus Patrice Cormier in neutral zone.
9:31 of 3rd period - Icing by Damien Brunner.
9:32 of 3rd period - Patrice Cormier wins face-off versus Robert Nilsson in Golden Knights zone.
9:39 of 3rd period - Slapshot by Damien Brunner.
9:39 of 3rd period - Shot Misses the Net.
9:41 of 3rd period - Snap shot by Zach Bogosian.
9:41 of 3rd period - Stopped by Martin Jones without a rebound.
9:42 of 3rd period - Matt Stajan wins face-off versus Robert Nilsson in Canucks zone.
9:43 of 3rd period - Wrist shot by Michael Frolik.
9:43 of 3rd period - Shot Misses the Net.
9:45 of 3rd period - Snap shot by Michael Frolik.
9:45 of 3rd period - Deflect By Matt Stajan.
9:45 of 3rd period - Deflect By Nick Palmieri.
9:45 of 3rd period - Stopped by Martin Jones without a rebound.
9:46 of 3rd period - Robert Nilsson wins face-off versus Matt Stajan in Canucks zone.
10:18 of 3rd period - Jamie McBain is hit by Ilya Kovalchuk and loses puck.
10:25 of 3rd period - Slapshot by Ilya Kovalchuk.
10:25 of 3rd period - Shot Misses the Net.
10:27 of 3rd period - Slapshot by Nathan Paetsch.
10:27 of 3rd period - Shot Misses the Net.
10:29 of 3rd period - Wrist shot by Michael Frolik.
10:29 of 3rd period - Shot Misses the Net.
10:31 of 3rd period - Snap shot by Ilya Kovalchuk.
10:31 of 3rd period - Stopped by Martin Jones without a rebound.
10:32 of 3rd period - Robert Nilsson wins face-off versus Andrei Loktionov in Canucks zone.
10:32 of 3rd period - Robert Nilsson is hit by Wayne Simmonds.
10:59 of 3rd period - Ben Lovejoy is hit by Jared Cowen and loses puck.
11:30 of 3rd period - Slapshot by Patrice Cormier.
11:30 of 3rd period - Deflect By Brandon Bollig.
11:30 of 3rd period - Stopped by Martin Jones without a rebound.
11:31 of 3rd period - Robert Nilsson wins face-off versus Matt Stajan in Canucks zone.
11:57 of 3rd period - Michael Kostka is hit by Brandon Saad and loses puck.
12:37 of 3rd period - Snap shot by Brandon Sutter.
12:37 of 3rd period - Shot Misses the Net.
12:39 of 3rd period - Slapshot by Jordie Benn.
12:39 of 3rd period - Shot Blocked by Maxim Lapierre.
12:41 of 3rd period - Slapshot by Jordie Benn.
12:41 of 3rd period - Stopped by Robin Lehner without a rebound.
12:42 of 3rd period - Steve Bernier wins face-off versus Robert Nilsson in Golden Knights zone.
12:53 of 3rd period - Nick Palmieri is hit by Maxim Lapierre and loses puck.
13:33 of 3rd period - Slapshot by Jamie McBain.
13:33 of 3rd period - Shot Blocked by Matt Stajan.
14:07 of 3rd period - Jamie McBain is hit by Michael Kostka.
14:25 of 3rd period - Snap shot by Nick Palmieri.
14:25 of 3rd period - Shot Misses the Net.
14:37 of 3rd period - Minor Penalty to Jesper Fast for Interference.
14:38 of 3rd period - Robert Nilsson wins face-off versus Matt Stajan in Canucks zone.
14:38 of 3rd period - Robert Nilsson is hit by Jared Cowen.
15:11 of 3rd period - Slapshot by Andrei Loktionov.
15:11 of 3rd period - Stopped by Martin Jones with a rebound.
15:13 of 3rd period - Snap shot by Jared Cowen.
15:13 of 3rd period - Deflect By Andrei Loktionov.
15:13 of 3rd period - Shot Misses the Net.
15:13 of 3rd period - Puck is out of play.
15:14 of 3rd period - Robert Nilsson wins face-off versus Matt Stajan in Canucks zone.
15:38 of 3rd period - Jamie McBain is hit by Andrei Loktionov and loses puck.
15:55 of 3rd period - Patrick Eaves is hit by Matt Stajan.
16:05 of 3rd period - Ben Lovejoy is hit by Ilya Kovalchuk and loses puck.
16:37 of 3rd period - Penalty to Jesper Fast is over, Jesper Fast is back on ice.
16:50 of 3rd period - Wrist shot by Robert Nilsson.
16:50 of 3rd period - Shot Blocked by Mathew Dumba.
16:52 of 3rd period - Snap shot by Brandon Saad.
16:52 of 3rd period - Stopped by Robin Lehner without a rebound.
16:53 of 3rd period - Marc Savard wins face-off versus Maxim Lapierre in Golden Knights zone.
17:18 of 3rd period - Patrick Eaves is hit by Damien Brunner and loses puck.
17:31 of 3rd period - Icing by Zach Bogosian.
17:32 of 3rd period - Marc Savard wins face-off versus Patrice Cormier in Golden Knights zone.
17:35 of 3rd period - Backhand shot by Jamie McBain.
17:35 of 3rd period - Shot Misses the Net.
17:37 of 3rd period - Slapshot by Jeremy Morin.
17:37 of 3rd period - Stopped by Robin Lehner without a rebound.
17:38 of 3rd period - Marc Savard wins face-off versus Maxim Lapierre in Golden Knights zone.
18:14 of 3rd period - Wrist shot by Michael Frolik.
18:14 of 3rd period - Stopped by Martin Jones without a rebound.
18:15 of 3rd period - Colton Gillies wins face-off versus Matt Stajan in Canucks zone.
18:15 of 3rd period - Colton Gillies is hit by Ilya Kovalchuk.
18:28 of 3rd period - Minor Penalty to Michael Frolik for Holding.
18:29 of 3rd period - Robert Nilsson wins face-off versus Ilya Kovalchuk in Golden Knights zone.
18:43 of 3rd period - Snap shot by Nick Palmieri.
18:43 of 3rd period - Stopped by Robin Lehner without a rebound.
18:44 of 3rd period - Loui Eriksson wins face-off versus Ilya Kovalchuk in Golden Knights zone.
Goals for this period are 2 for Golden Knights vs 0 for Canucks.
Shots for this period are 13 for Golden Knights vs 8 for Canucks.
Back to the Top